Map: Kairos Junction LE

Players

Erik - Winner!

  • Race: Zerg Zerg
  • League: Master
  • Spawn Location: 11:00

Toodming

  • Race: Zerg Zerg
  • League: Gold
  • Spawn Location: 5:00

Event: 2019 WCS Winter Americas

VOD

Have the link to the VOD?

Description

Time

  • Played on: Jan. 31, 2019, 2:46 p.m.
  • Length: 8:22

All games in this series

Show
View Real Time Build Order
Export as new Build Order

Erik Zerg - Winner!

Build Orders: Hatch First 

Get SALT Encoding   

  12  0:01  Drone  
  13  0:12  Overlord  
  13  0:17  Drone  
  14  0:30  Drone x2  
  16  0:48  Hatchery  
  15  0:51  Drone  
  15  0:55  Drone  
  17  1:09  Spawning Pool  
  16  1:12  Drone  
  16  1:14  Extractor  
  16  1:17  Drone  
  17  1:20  Drone  
  18  1:28  Drone  
  19  1:56  Zergling x4  
  19  2:01  Queen, Zergling x4  
  23  2:02  Queen  
  25  2:15  Zergling x2  
  25  2:16  Zergling x2  
  25  2:22  Drone  
  24  2:25  Drone  
  24  2:33  Drone x2  
  26  2:43  Drone  
  27  2:44  Drone  
  27  3:00  Overlord  
  27  3:02  Drone  
  27  3:13  Overlord  
  30  3:20  Drone x7  
  34  3:27  Metabolic Boost  
  34  3:39  Hatchery  
  33  3:43  Drone x2  
  33  3:44  Drone  
  33  3:46  Drone  
  37  3:51  Overlord  
  37  3:56  Drone  
  38  4:11  Drone x3  
  38  4:15  Drone  
  38  4:16  Evolution Chamber  
  41  4:17  Drone  
  41  4:18  Drone x2  
  41  4:20  Drone x2  
  41  4:22  Roach Warren  
  45  4:25  Extractor  
  45  4:27  Overlord  
  45  4:29  Drone  
  45  4:30  Drone x2  
  47  4:38  Overlord  
  47  4:43  Zerg Missile Weapons Level 1  
  47  4:47  Extractor  
  46  4:55  Drone  
  46  4:57  Overlord  
  49  5:02  Roach x3  
  49  5:03  Roach  
  49  5:06  Roach  
  61  5:15  Evolution Chamber  
  61  5:17  Lair  
  56  5:23  Roach x2  
  56  5:26  Drone x4  
  56  5:27  Overlord  
  56  5:28  Extractor  
  63  5:36  Drone x2  
  63  5:38  Overlord  
  64  5:47  Zergling x6  
  68  5:57  Roach x5  
  68  6:03  Overlord  
  76  6:04  Roach x3  
  76  6:09  Roach  
  84  6:16  Nydus Network, Overseer  
  83  6:19  Roach x2  
  87  6:32  Overlord  
  87  6:34  Roach x6  
  99  6:45  Overlord x2  
  99  6:55  Nydus Canal  
  99  6:56  Overlord  
  99  7:00  Roach  
  99  7:01  Roach x3  
  107  7:04  Overlord  
  105  7:25  Roach x6  
  107  7:35  Roach x2  
  107  7:36  Roach  
  95  7:45  Roach x4  
  97  7:51  Spire  
  97  7:55  Roach  
  95  8:02  Roach x2  
Show
View Real Time Build Order
Export as new Build Order

Toodming Zerg 

Build Orders: Pool First 

Get SALT Encoding   

  12  0:17  Spawning Pool  
  11  0:22  Drone  
  11  0:27  Drone  
  13  0:31  Drone  
  14  0:41  Overlord  
  14  1:03  Zergling x4  
  16  1:05  Zergling x2  
  17  1:16  Zergling x2  
  18  1:18  Hatchery  
  17  1:27  Zergling x2  
  18  1:33  Queen  
  18  1:37  Zergling x2  
  21  1:51  Overlord  
  21  2:00  Drone  
  22  2:15  Queen  
  22  2:20  Drone  
  21  2:26  Drone  
  22  2:31  Queen  
  22  2:34  Drone  
  22  2:36  Drone  
  26  2:41  Extractor  
  26  2:43  Drone  
  26  2:44  Drone  
  27  2:49  Drone x3  
  30  2:58  Zergling x2  
  29  3:02  Overlord  
  29  3:11  Drone  
  29  3:12  Drone  
  31  3:22  Drone  
  31  3:23  Drone  
  31  3:24  Drone  
  34  3:31  Drone  
  34  3:32  Overlord, Drone  
  34  3:33  Drone  
  37  3:36  Drone  
  37  3:40  Drone  
  37  3:41  Drone x2  
  41  3:45  Evolution Chamber  
  41  3:46  Metabolic Boost  
  40  3:53  Roach Warren  
  39  3:57  Drone x2  
  39  4:01  Drone x2  
  43  4:02  Drone  
  43  4:10  Evolution Chamber  
  43  4:16  Zergling x8  
  46  4:21  Zergling x6  
  46  4:22  Zerg Missile Weapons Level 1  
  49  4:27  Extractor  
  49  4:28  Overlord  
  48  4:36  Zergling x2  
  49  4:42  Zergling x4  
  49  4:43  Zergling x2  
  49  4:44  Overlord  
  52  4:47  Zergling x6  
  52  4:48  Zergling x2  
  56  4:53  Zergling x2  
  56  4:56  Lair  
  57  5:03  Zergling x4  
  59  5:14  Drone x2  
  59  5:15  Drone x5  
  59  5:18  Extractor  
  65  5:24  Hatchery, Overlord  
  64  5:33  Overlord  
  64  5:35  Extractor  
  63  5:36  Drone  
  63  5:41  Drone x2  
  65  5:43  Zerg Ground Armor Level 1  
  65  5:46  Drone x3  
  65  5:47  Drone x2  
  65  5:49  Overlord  
  70  5:54  Drone x2  
  70  5:55  Overseer  
  72  5:57  Glial Reconstitution  
  72  6:01  Overlord  
  72  6:04  Drone  
  73  6:12  Hydralisk Den  
  73  6:14  Drone x2  
  73  6:17  Extractor  
  73  6:21  Drone  
  73  6:24  Drone  
  73  6:25  Drone x2  
  77  6:34  Roach x2  
  81  6:45  Overlord, Roach x2  
  85  6:49  Roach x4  
  85  6:50  Overseer  
  93  6:55  Grooved Spines  
  93  6:57  Overlord x3  
  93  7:02  Drone x3  
  96  7:10  Spore Crawler  
  96  7:11  Spore Crawler  
  96  7:12  Roach  
  96  7:13  Roach x2  
  96  7:14  Roach  
  102  7:17  Roach  
  102  7:20  Roach  
  99  7:24  Roach x2  
  93  7:30  Roach  
  93  7:31  Roach  
  93  7:35  Roach  
  87  7:39  Roach  
  85  7:45  Roach x2  
  85  7:48  Roach  
  79  7:53  Roach x2  
  79  7:55  Roach  
  79  7:58  Roach  
  73  8:03  Roach  
Tags
 
Add a new tag
Caveats
  • Supply blocks, unpowered buildings, or Contaminate may cause inaccurate times.
  • Supply counts are checked every 10 seconds.